 Dungeon Crawl Stone Soup version 0.27-a0-1565-gad902ab807 (webtiles) character file.

Game seed: 2726978628189635999

177 Sobieck the Digger (level 5, -4/38 HPs)
             Began as a Formicid Earth Elementalist on July 16, 2021.
             Slain by a gnoll (7 damage)
             ... on level 3 of the Dungeon.
             The game lasted 00:10:40 (3515 turns).

Sobieck the Digger (Formicid Earth Elementalist)    Turns: 3515, Time: 00:10:40

Health: -4/38      AC:  3    Str: 13    XL:     5   Next: 88%
Magic:  2/8        EV: 11    Int: 15    God:
Gold:   92         SH:  3    Dex: 11    Spells: 2/8 levels left

rFire    . . .     SeeInvis +   a - +1 dagger (elec) {short}
rCold    . . .     Faith    .   i - +0 buckler
rNeg     . . .     Spirit   .   b - +0 robe
rPois    .         Reflect  .   (helmet unavailable)
rElec    .         Harm     .   g - +0 cloak
rCorr    .         Rampage  .   (no gloves)
Will     .....                  (no boots)
Stlth    ++........             (no amulet)
HPRegen  0.12/turn              (no ring)
MPRegen  0.11/turn              (no ring)

@: no status effects
A: permanent stasis, dig shafts and tunnels, antennae 3, four strong arms
a: Dig, Shaft Self


You were on level 3 of the Dungeon.
You visited 1 branch of the dungeon, and saw 4 of its levels.

You collected 92 gold pieces.


Innate Abilities, Weirdness & Mutations

You cannot be hasted, slowed, berserked, paralysed or teleported.
You can dig through walls and to a lower floor.
You have a pair of large antennae on your head. (SInv)
Your four strong arms can wield two-handed weapons with a shield.


   Skills:
 + Level 2.1 Fighting
 + Level 1.6 Short Blades
 - Level 1.7 Dodging
 + Level 3.8 Stealth
 + Level 1.5 Shields
 - Level 2.1 Spellcasting
 + Level 2.0 Transmutations
 * Level 5.0 Earth Magic


You had 2 spell levels left.
You knew the following spells:

 Your Spells              Type           Power      Damage    Failure   Level
a - Sandblast             Erth           32%        2d9       3%          1
b - Passwall              Tmut/Erth      10%        N/A       10%         2
c - Stone Arrow           Conj/Erth      18%        3d8       28%         3

Your spell library contained the following spells:

 Spells                   Type           Power      Damage    Failure   Level
 Animate Skeleton         Necr           2%         N/A       26%         1
 Pain                     Necr           4%         1d4       26%         1
 Shock                    Conj/Air       4%         1d3       26%         1
 Petrify                  Tmut/Erth      12%        N/A       52%         4
 Vampiric Draining        Necr           0%         2d6       61%         3
 Airstrike                Air            0%         N/A       95%         4
 Swiftness                Air            Unusable   N/A       N/A         3

Inventory:

Hand Weapons
 a - a +1 dagger of electrocution (weapon) {short}
   (You took it off a goblin on level 4 of the Dungeon)
 p - a +0 dagger {short}
   (You took it off a kobold on level 1 of the Dungeon)
Missiles
 c - 12 stones {throwing}
 k - 20 sling bullets
Armour
 b - a +0 robe (worn)
 g - a +0 cloak (worn)
   (You found it on level 2 of the Dungeon)
 i - a +0 buckler (worn)
   (You took it off a kobold on level 2 of the Dungeon)
 o - a +0 ring mail of willpower
   (You took it off an orc on level 2 of the Dungeon)
Scrolls
 d - a scroll of enchant armour {unknown}
 e - a scroll of teleportation {unknown}
 f - a scroll of brand weapon {unknown}
 h - a scroll of immolation {unknown}
 m - 3 scrolls of blinking {unknown}
 n - 2 scrolls of identify {unknown}
Potions
 j - a potion of curing {unknown}
 l - a potion of lignification {unknown}

Dungeon Overview and Level Annotations

Branches:
Dungeon (4/15)
 Temple: D:4-7

Altars:
Xom

Shops:
D:2

[ #.#...)..)<#
#.#........#.#.###
.#....[#...#
#.#..#.####..#.#
#.######...# #.#..#.##
##.#.# #. #...#
#.......# #.#.# #
#####...# ###.###.#
#.#.# ........<# #.#
#.# #.#.# .........##
#.###.# #.#.#
#######...######.....#
#.# #.........@h...###
#.#
#.....######g#.######.#
#..........#..........#
#.....####.###.########
#.....# #†# #.# #####.#
#.# #.# ## #.# #.#
#.###^# #.# #.# #.##.'#
#.# #.# #†#.#...+


You could see a hound and a gnoll.


Message History

You barely miss the hound. The hound closely misses you.
Something unseen opens the door.
The hound closely misses you.
You closely miss the hound. The hound bites you. 😕 HP[-4] MP[+1]
You take 4 damage, and now have 34/38 hp.
You barely miss the hound. The hound closely misses you.
You barely miss the hound. The hound bites you but does no damage.
The hound bites you. 😕 HP[-1]
You take 1 damage, and now have 33/38 hp.
You hit the hound. The hound misses you.
Unknown command.
You hit the hound. The hound bites you. You block the hound's attack. 😕 HP[-4]
You take 4 damage, and now have 29/38 hp.
You hit the hound. The hound bites you. 😮 HP[-2]
You take 2 damage, and now have 27/38 hp.
You closely miss the hound. The hound bites you. 😮 HP[-5]
You take 5 damage, and now have 22/38 hp.
You closely miss the hound. The hound bites you.
* * * LOW HITPOINT WARNING * * *
The hound closely misses you.
Your magical contamination has completely faded away. 😨 HP[-3]
You take 3 damage, and now have 19/38 hp.
You closely miss the hound. The hound bites you.
* * * LOW HITPOINT WARNING * * *
The hound barely misses you. 😨 HP[-2]
You take 2 damage, and now have 17/38 hp.
Unknown command. 😨 MP[+1]
Casting: Passwall (safe; 10% risk of failure)
Confirm with . or Enter, or press ? or * to list all spells.
Aiming: Sandblast (safe; 3% risk of failure)
Press: ? - help, Shift-Dir - straight line, f - hound
Aim: a hound (heavily wounded, 71% to hit)
The blast of sand hits the hound!
You kill the hound!
The hound bites you.
* * * LOW HITPOINT WARNING * * *
Your Transmutations skill increases to level 2!
Your Earth Magic skill increases to level 5! 😨 HP[-2] MP[-1]
You take 2 damage, and now have 15/38 hp.
You lost 1 mp, and now have 5/8 mp.
Casting: Sandblast (safe; 3% risk of failure)
Confirm with . or Enter, or press ? or * to list all spells.
Aiming: Sandblast (safe; 3% risk of failure)
Press: ? - help, Shift-Dir - straight line, f - hound
Aim: a hound (71% to hit)
The blast of sand hits the hound!
You block the hound's attack. 😨 MP[-1]
You lost 1 mp, and now have 4/8 mp.
Casting: Sandblast (safe; 3% risk of failure)
Confirm with . or Enter, or press ? or * to list all spells.
Aiming: Sandblast (safe; 3% risk of failure)
Press: ? - help, Shift-Dir - straight line, f/p - hound
Aim: a hound (severely wounded, 71% to hit)
The blast of sand misses the hound.
The hound bites you.
* * * LOW HITPOINT WARNING * * *
The gnoll hits you but does no damage. The hound bites you.
* * * LOW HITPOINT WARNING * * *
😱 HP[-9] MP[-1]
You take 9 damage, and now have 6/38 hp.
MASSIVE DAMAGE!! (PAUSE)
You lost 1 mp, and now have 3/8 mp.
The hound bites you.
* * * LOW HITPOINT WARNING * * *
😱 HP[-2]
You take 2 damage, and now have 4/38 hp. 😱 HP[+1]
You block the hound's attack. 😱 MP[+1]
Okay, then.
The hound bites you.
* * * LOW HITPOINT WARNING * * *
😱 HP[-3]
You take 3 damage, and now have 2/38 hp.
The hound misses you.
Unknown command.
Casting: Sandblast (safe; 3% risk of failure)
Confirm with . or Enter, or press ? or * to list all spells.
Aiming: Sandblast (safe; 3% risk of failure)
Press: ? - help, Shift-Dir - straight line, f/p - hound
Aim: a hound (heavily wounded, 71% to hit)
The blast of sand hits the hound!
The hound barely misses you. The hound closely misses you. 😱 MP[-1]
You lost 1 mp, and now have 3/8 mp.
Casting: Sandblast (safe; 3% risk of failure)
Confirm with . or Enter, or press ? or * to list all spells.
Aiming: Sandblast (safe; 3% risk of failure)
Press: ? - help, Shift-Dir - straight line, f/p - hound
Aim: a hound (almost dead, 71% to hit)
The blast of sand misses the hound.
The gnoll hits you from afar with a +0 spear!
You die...

Skill      XL: |  1  2  3  4  5 |
---------------+----------------+-----
Earth Magic    | 4 5 |  5.0
Fighting       | 1 2 |  2.1
Stealth        | 3 |  3.8
Short Blades   | 1 |  1.6
Shields        | 1 |  1.5
Transmutations | 2 |  2.0
Dodging        | |  1.7
Spellcasting   | |  2.1

Action                   |  1- 3 |  4- 6 || total
-------------------------+-------+-------++-------
Melee: Dagger            |    77 |    79 ||   156
 Cast: Sandblast         |    16 |    20 ||    36
       Passwall          |     9 |     5 ||    14
 Abil: Dig               |    10 |     2 ||    12
 Stab: Sleeping          |     9 |     6 ||    15
Armor: Robe              |    25 |    14 ||    39
Dodge: Dodged            |    52 |    44 ||    96
Block: Buckler           |     1 |     9 ||    10

Levels and vault maps discovered:
D:1:      psy_arrival_radial01, layout_basic
D:2:      layout_loops_ring, ebering_ecumenical_altar_sacrificial, basic_altar,
          serial_shops, nicolae_square_shop, uniq_jessica
D:3:      layout_loops_ring, grunt_decor_fettered, cheibrodos_gnoll_hut,
          uniq_natasha
D:4:      layout_loops_ring, mainiacjoe_overflow_chevrons, minmay_crystal_water,
          uniq_ijyb

Notes
Turn   | Place    | Note
-------+----------+-------------------------------------------
     0 | D:1      | Sobieck the Formicid Earth Elementalist began the quest for
                  | the Orb.
     0 | D:1      | Reached XP level 1. HP: 13/13 MP: 3/3
     0 | D:1      | magus.rc [v1.9.6]
   302 | D:1      | Reached XP level 2. HP: 20/20 MP: 3/5
   327 | D:1      | Learned a level 2 spell: Passwall
   637 | D:1      | Reached skill level 4 in Earth Magic
   641 | D:1      | Reached skill level 1 in Fighting
   871 | D:1      | Reached skill level 3 in Stealth
   988 | D:2      | Found a shimmering altar of Xom.
  1016 | D:1      | Reached XP level 3. HP: 26/26 MP: 6/6
  1020 | D:1      | Learned a level 3 spell: Stone Arrow
  1773 | D:2      | Found Zocy's Armour Boutique.
  2152 | D:2      | Noticed Jessica
  2155 | D:2      | Killed Jessica
  2156 | D:2      | Reached skill level 1 in Short Blades
  2156 | D:2      | Reached XP level 4. HP: 32/32 MP: 4/7
  2630 | D:2      | Found a faded altar of an unknown god.
  2789 | D:3      | Noticed Natasha
  2814 | D:3      | Killed Natasha
  2815 | D:3      | Reached skill level 1 in Shields
  2815 | D:3      | Reached XP level 5. HP: 33/38 MP: 5/8
  2858 | D:3      | Noticed Natasha
  2872 | D:2      | Killed Natasha
  2873 | D:2      | Reached skill level 2 in Fighting
  3200 | D:3      | You pick up a book of Air and begin reading...
  3200 | D:3      | You add the spells Shock and Airstrike to your library.
  3334 | D:3      | You pick up a book of Necromancy and begin reading...
  3334 | D:3      | You add the spells Pain, Animate Skeleton and Vampiric
                  | Draining to your library.
  3504 | D:3      | Reached skill level 2 in Transmutations
  3504 | D:3      | Reached skill level 5 in Earth Magic
  3505 | D:3      | HP: 6/38 [hound (5)]
  3510 | D:3      | HP: 2/38 [hound (3)]
  3515 | D:3      | Slain by a gnoll

Vanquished Creatures
  A hound (D:3)
  Jessica (D:2)
  Natasha (twice) (D:3 D:2)
  An adder (D:3)
  2 dart slugs (D:2)
  3 orcs
  2 endoplasms (D:1)
  2 giant cockroaches
  5 hobgoblins
  4 jackals (D:1)
  4 kobolds
  A quokka (D:1)
  8 ball pythons
  3 bats (D:1)
  4 frilled lizards (D:1)
  8 goblins
  5 rats
56 creatures vanquished.

Table legend:
 A = Non-vault XP
 B = Vault XP
 C = Vault XP percentage of total XP
 D = Non-vault monster count
 E = Vault monster count
 F = Vault count percentage of total count
                 A         B        C        D         E       F
            +---------+---------+-------+---------+---------+-------
      Total |     139 |     115 |  45.3 |      53 |       3 |   5.4
            +---------+---------+-------+---------+---------+-------
        D:1 |      42 |       0 |   0.0 |      25 |       0 |   0.0
        D:2 |      73 |      37 |  33.6 |      21 |       1 |   4.5
        D:3 |      22 |      78 |  78.0 |       6 |       2 |  25.0
        D:4 |       2 |       0 |   0.0 |       1 |       0 |   0.0
            +---------+---------+-------+---------+---------+-------

Illustrated notes

Table legend:
 A = Kills in this place as a percentage of kills in entire the game.
 B = Kills by you in this place as a percentage of kills by you in the entire game.
 C = Kills by friends in this place as a percentage of kills by friends in the entire game.
 D = Other kills in this place as a percentage of other kills in the entire game.
 E = Experience gained in this place as a percentage of experience gained in the entire game.
 F = Experience gained in this place divided by the number of levels of this place that you have seen.
                   A       B       C       D       E      F
               +-------+-------+-------+-------+-------+----------------------
         Total | 100.0 | 100.0 |   N/A |   N/A | 100.0 |  63.5
       Dungeon | 100.0 | 100.0 |   N/A |   N/A | 100.0 |  63.5
               +-------+-------+-------+-------+-------+----------------------

Table legend: (Time is in decaauts)
 A = Elapsed time spent in this place.
 B = Non-inter-level travel time spent in this place.
 C = Inter-level travel time spent in this place.
 D = Time resting spent in this place.
 E = Time spent auto-exploring this place.
 F = Levels seen in this place.
 G = Mean time per level.
                   A        B        C        D        E       F      G
               +--------+--------+--------+--------+--------+-----+--------+
         Total |   3529 |   3422 |    107 |   1143 |   1438 |   4 |  882.2 |
       Dungeon |   3529 |   3422 |    107 |   1143 |   1438 |   4 |  882.2 |
               +--------+--------+--------+--------+--------+-----+--------+

Top non-repeatable levels by time:
     D:1: 1614 daAuts
     D:2: 1318 daAuts
     D:3: 580 daAuts
     D:4: 16 daAuts
